 Dungeon Crawl Stone Soup version 0.19.4-8-ga85b6b9 (webtiles) character file.

81 dngmouse the Sneak (level 4, -1/30 HPs)
             Began as a Vampire Enchanter on Feb 12, 2017.
             Slain by a hippogriff (8 damage)
             ... on level 3 of the Dungeon.
             The game lasted 00:05:55 (1697 turns).

dngmouse the Sneak (Vampire Enchanter)              Turns: 1697, Time: 00:05:55

Health: -1/30      AC:  3    Str:  7    XL:     4   Next: 19%
Magic:  4/7        EV: 13    Int: 17    God:
Gold:   102        SH:  0    Dex: 15    Spells: 3 memorised, 1 level left

rFire  . . .     SeeInvis +     a - +1 dagger
rCold  + . .     Gourm    .     b - +1 robe
rNeg   + + .     Faith    .     (no shield)
rPois  +         Spirit   .     (no helmet)
rElec  .         Reflect  .     (no cloak)
rCorr  .         Harm     .     (no gloves)
MR     .....                    (no boots)
Stlth  ++++......               (no amulet)
                                (no ring)
                                (no ring)

@: regenerating slowly
A: fangs 3, see invisible, unbreathing
a: Bat Form


You were on level 3 of the Dungeon.
You were near bloodless.

You visited 1 branch of the dungeon, and saw 3 of its levels.

You collected 102 gold pieces.

Inventory:

Hand Weapons
 a - a +1 dagger (weapon)
Armour
 b - a +1 robe (worn)
Scrolls
 e - a scroll of teleportation {unknown}
 f - a scroll of noise {unknown}
 h - 3 scrolls of remove curse {unknown}
 l - a scroll of magic mapping {unknown}
 m - a scroll of enchant armour {unknown}
 o - a scroll of blinking {unknown}
Potions
 d - 16 potions of blood
 g - a potion of invisibility {unknown}
 i - a potion of curing {unknown}
 j - a potion of degeneration {unknown}
 k - a potion of might {unknown}
 p - a potion of resistance {unknown}
Books
 c - a book of Maledictions

   Spells                             Type                      Level
   a - Corona                         Hexes                        1
   b - Ensorcelled Hibernation        Hexes/Ice                    2
   c - Confuse                        Hexes                        3
   d - Tukima's Dance                 Hexes                        3
   e - Dazzling Spray                 Conjuration/Hexes            3
 n - a book of the Earth

   Spells                             Type                      Level
   a - Leda's Liquefaction            Hexes/Earth                  4
   b - Bolt of Magma                  Conjuration/Fire/Earth       5
   c - Statue Form                    Transmutation/Earth          6
   d - Iron Shot                      Conjuration/Earth            6
   e - Shatter                        Earth                        9


   Skills:
 - Level 1.1 Short Blades
 + Level 3.1 Dodging
 * Level 5.7 Stealth
 - Level 2.0 Spellcasting
 + Level 5.7 Hexes
 + Level 0.0 Ice Magic


You had one spell level left.
You knew the following spells:

 Your Spells              Type           Power        Failure   Level  Hunger
a - Corona                Hex            ###....      1%          1    #......
b - Ensorcelled Hibernat  Hex/Ice        ##....       12%         2    ###....
c - Confuse               Hex            ###.....     8%          3    ###....


Dungeon Overview and Level Annotations

Branches:
Dungeon (3/15)

Altars:
Nemelex Xobeh
Yredelemnul


Innate Abilities, Weirdness & Mutations

You heal slowly.
You have razor-sharp teeth.
You have supernaturally acute eyesight. (SInv)
You can survive without breathing.


Message History

You bite the hippogriff, and draw its blood!
You feel better.
You feel slightly less thirsty.
You impale the hippogriff!!
The hippogriff is heavily wounded.
Casting: Corona
Confirm with . or Enter, or press ? or * to list all spells.
Aiming: Corona
Press: ? - help, Shift-Dir - straight line, f - hippogriff
Aim: a hippogriff (heavily wounded, chance to defeat MR: 55%)
The hippogriff is outlined in light.
The hippogriff bites you. The hippogriff pecks you! The hippogriff claws you.
Casting: Corona
Confirm with . or Enter, or press ? or * to list all spells.
Aiming: Ensorcelled Hibernation
Press: ? - help, Shift-Dir - straight line, f/p - hippogriff
Aim: a hippogriff (heavily wounded, softly glowing, chance to defeat MR: 37%)
The hippogriff easily resists.
The hippogriff bites you. The hippogriff pecks you.
* * * LOW HITPOINT WARNING * * *
The hippogriff claws you!
You die...

### #.. #
#.# #
#.##.##.#
#...H...#
#...@..#
#>##.#.#
#.# # #.#
#.# #.#
... #.#


You could see a hippogriff.

Vanquished Creatures
  4 adders (D:2)
  An ooze (D:2)
  A worm (D:2)
  A dart slug (D:2)
  A leopard gecko (D:2)
  A ball python (D:1)
  4 bats
  A giant cockroach (D:2)
  5 goblins
  5 hobgoblins
  4 jackals (D:2)
  A quokka (D:2)
  A frilled lizard (D:2)
  3 kobolds
  A rat (D:1)
  A spectral orc (D:2)
35 creatures vanquished.

Notes
Turn   | Place    | Note
-------+----------+-------------------------------------------
     0 | D:1      | dngmouse the Vampire Enchanter began the quest for the Orb.
     0 | D:1      | Reached XP level 1. HP: 13/13 MP: 3/3
   434 | D:1      | Reached XP level 2. HP: 19/19 MP: 5/5
   438 | D:1      | Learned a level 2 spell: Ensorcelled Hibernation
   653 | D:2      | Reached skill level 5 in Stealth
   653 | D:2      | Reached skill level 5 in Hexes
   745 | D:2      | Found a sparkling altar of Nemelex Xobeh.
   788 | D:2      | Reached XP level 3. HP: 24/24 MP: 6/6
  1017 | D:2      | Learned a level 3 spell: Confuse
  1331 | D:2      | Found a basalt altar of Yredelemnul.
  1435 | D:2      | Reached XP level 4. HP: 30/30 MP: 2/7
  1694 | D:3      | Noticed a hippogriff
  1697 | D:3      | Slain by a hippogriff

Skill      XL: |  1  2  3 |
---------------+----------+-----
Stealth        | 5 |  5.7
Hexes          | 5 |  5.7
Dodging        | 3 |  3.1
Short Blades   | |  1.1
Spellcasting   | |  2.0

Action                   |  1- 3 |  4- 6 || total
-------------------------+-------+-------++-------
Melee: Dagger            |    69 |    19 ||    88
       Bite              |     6 |       ||     6
 Cast: Corona            |     4 |     4 ||     8
       Ensorcelled Hiber |    12 |     2 ||    14
  Use: Potion            |     1 |       ||     1
 Stab: Sleeping          |    21 |     2 ||    23
Armor: Robe              |    17 |     7 ||    24
Dodge: Dodged            |    51 |    11 ||    62
